 Dungeon Crawl Stone Soup version 0.26-a0-649-gf8c6c3aab7 (webtiles) character file.

Game seed: 5605864633406429621

28294 ringo67 the Cleaver (level 13, -5/126 HPs)
             Began as a Naga Monk on Sept 27, 2020.
             Was a High Priest of Cheibriados.
             Hit by a silver javelin thrown by Urug (7 damage)
             ... on level 4 of the Lair of Beasts.
             The game lasted 00:40:00 (14436 turns).

ringo67 the Cleaver (Naga Monk)                    Turns: 14436, Time: 00:40:03

Health: -5/126     AC: 12    Str: 30    XL:     13   Next: 37%
Magic:  18/18      EV:  8    Int: 24    God:    Cheibriados [*****.]
Gold:   789        SH: 23    Dex: 25    Spells: 12/12 levels left

rFire    . . .     SeeInvis +   A - +5 broad axe (vamp)
rCold    . . .     Faith    .   L - +0 tower shield
rNeg     . . .     Spirit   .   t - +3 leather armour
rPois    +         Reflect  +   J - +0 hat
rElec    .         Harm     .   F - +0 cloak
rCorr    .         Rampage  .   p - +0 pair of gloves
MR       ++...                  (no barding)
Stlth    +++.......             B - amulet of reflection
HPRegen  0.31/turn              D - ring of protection from magic
MPRegen  0.16/turn              s - ring of flight

@: very slow
A: large, see invisible, deformed body, poison resistance, slowness 2, spit
poison 1, constrict 1, AC +4
a: Spit Poison, Bend Time, Temporal Distortion, Slouch, Step From Time, Renounce
Religion, Evoke Flight


You were on level 4 of the Lair of Beasts.
You worshipped Cheibriados.
Cheibriados was extremely pleased with you.
You visited 3 branches of the dungeon, and saw 15 of its levels.

You collected 789 gold pieces.

Inventory:

Hand Weapons
 a - a +3 mace
 A - a +5 vampiric broad axe (weapon)
Missiles
 f - 11 poisoned darts (quivered)
 l - 6 javelins
 K - 7 curare-tipped darts
Armour
 p - a +0 pair of gloves (worn)
 q - a +0 chain mail
 t - a +3 leather armour (worn)
 E - the +1 leather armour of Luich {rN+ Str+4}
   (You took it off Duvessa on level 6 of the Dungeon)

   It affects your strength (+4).
   It protects you from negative energy.
 F - a +0 cloak (worn)
 H - +0 steam dragon scales
 J - a +0 hat (worn)
 L - a +0 tower shield (worn)
Jewellery
 i - an uncursed ring of wizardry
 s - a ring of flight (right hand)
 B - an amulet of reflection (around neck)
 D - a ring of protection from magic (left hand)
 M - an uncursed ring of ice
Wands
 z - a wand of polymorph (11)
 I - a wand of acid (6)
Scrolls
 d - a scroll of identify
 e - 2 scrolls of blinking
 g - 2 scrolls of teleportation
 h - 6 scrolls of enchant armour
 w - 11 scrolls of remove curse
 x - 3 scrolls of magic mapping
 y - 3 scrolls of fog
 G - a scroll of amnesia
Potions
 b - 3 potions of resistance
 c - 3 potions of ambrosia
 j - a potion of degeneration {unknown}
 k - 6 potions of flight
 m - a potion of might
 n - 5 potions of curing
 o - 2 potions of invisibility
 r - 3 potions of heal wounds
 u - a potion of magic
 v - 3 potions of lignification
 C - a potion of mutation
 N - a potion of stabbing {unknown}


   Skills:
 + Level 10.9 Fighting
 * Level 13.6 Axes
 - Level 7.7 Armour
 - Level 2.4 Dodging
 - Level 3.0 Stealth
 + Level 6.7 Shields
 + Level 7.7 Invocations


You had 12 spell levels left.
You didn't know any spells.
Your spell library contained the following spells:

 Spells                   Type           Power        Failure   Level
 Freeze                   Ice            #...         67%         1
 Sandblast                Erth           #.....       67%         1
 Passwall                 Tmut/Erth      #.......     82%         2
 Frozen Ramparts          Ice            #.....       96%         3
 Ozocubu's Armour         Ice            #.......     96%         3
 Stone Arrow              Conj/Erth      #.....       96%         3
 Hailstorm                Conj/Ice       #.......     100%        4
 Leda's Liquefaction      Hex/Erth       #.........   100%        4
 Petrify                  Tmut/Erth      #.......     100%        4
 Summon Ice Beast         Ice/Summ       #.......     100%        4
 Bolt of Magma            Conj/Fire/Erth #.........   100%        5
 Iskenderun's Battlesphe  Conj           #.......     100%        5
 Lee's Rapid Deconstruct  Erth           #.........   100%        5
 Iron Shot                Conj/Erth      #.........   100%        6
 Statue Form              Tmut/Erth      #........    100%        6
 Orb of Destruction       Conj           #.........   100%        7
 Spellforged Servitor     Conj/Summ      #.........   100%        7
 Shatter                  Erth           #.........   100%        9


Dungeon Overview and Level Annotations

Branches:
Dungeon (10/15)            Temple (1/1) D:5            Lair (4/6) D:10
 Shoals (0/4) Lair:2        Snake (0/4) Lair:3          Orc (0/2) D:9

Altars:
Ashenzari
Cheibriados
Dithmenos
Elyvilon
Fedhas
Gozag
Hepliaklqana
Kikubaaqudgha
Makhleb
Nemelex Xobeh
Okawaru
Qazlal
Ru
Sif Muna
Trog
Uskayaw
Vehumet
Wu Jian
Xom
Yredelemnul
Zin
The Shining One

Shops:
D:8 }

Annotations:
D:6 , 2 transporters, reriks's ghost, novice DECj
Lair:1 Nergalle
Lair:2 1 runed translucent door, jasper's ghost, journeyman TrDe
Lair:4 Urug


Innate Abilities, Weirdness & Mutations

You cannot wear boots.
Your serpentine skin is tough. (AC +4)
You have supernaturally acute eyesight. (SInv)
Armour fits poorly on your strangely shaped body.
Your system is resistant to poisons. (rPois)
You cover ground very slowly.
You can spit poison.
You can use your snake-like lower body to constrict enemies.


Message History

The bolt of electricity hits you!
The electric eel shoots out a bolt of lightning at you!
The bolt of electricity hits you!
Urug throws a silver javelin.
The silver javelin pierces through you!!
* * * LOW HITPOINT WARNING * * *
x2 The electric eel shoots out a bolt of lightning at you!
The bolt of electricity hits you.
* * * LOW HITPOINT WARNING * * *
The electric eel shoots out a bolt of lightning at you!
The bolt of electricity misses you.
There is a stone staircase leading up, spattered with blood here.
You see here a silver javelin.
The electric eel shoots out a bolt of lightning at you!
The bolt of electricity hits you!
* * * LOW HITPOINT WARNING * * *
The electric eel shoots out a bolt of lightning at you!
The bolt of electricity hits you!
* * * LOW HITPOINT WARNING * * *
Urug throws a silver javelin.
The silver javelin pierces through you!
You die...

...... #.........
......###.$....P..
...........≈.≈≈....
............≈≈≈≈...
...........≈≈≈≈≈≈..
............≈≈≈≈≈≈.
............≈≈≈≈≈≈.
.....o....(@.≈≈≈≈≈.
#...........≈≈≈≈≈.
#♣PP♣≈....≈≈≈≈≈≈..
≈P≈≈≈≈≈;....≈≈≈≈≈..
♣♣≈≈≈≈≈≈≈......≈...
P(≈≈≈≈≈≈≈..........
...................
P≈≈≈≈;≈≈≈..........
≈≈≈P≈P≈♣<.....##.


You could see Urug and 2 electric eels.

Vanquished Creatures
  Erolcha (D:9)
  Fannar (Lair:3)
  2 hydras (Lair:3)
  4 death yaks (Lair:3)
  An unseen horror (D:10)
  A lindwurm (Lair:3)
  A black mamba (Lair:1)
  Maggie (D:9)
  2 cane toads (Lair:3)
  A torpor snail (Lair:3)
  2 komodo dragons (Lair:3)
  A red devil (D:10)
  A troll (D:9)
  4 hippogriffs
  8 blink frogs
  2 wraiths
  22 yaks
  2 wyverns (D:9)
  2 basilisks
  3 wargs (D:9)
  2 nagas (Lair:3)
  7 water moccasins
  6 porcupines
  Duvessa (D:6)
  2 orc warriors
  2 ice beasts (D:7)
  2 black bears
  2 phantoms
  2 sky beasts
  4 ogres
  5 centaurs
  2 crocodiles (Lair:2)
  3 big kobolds
  Blork the orc (D:6)
  9 bullfrogs
  Dowan (D:6)
  A gnoll sergeant (D:9)
  4 scorpions
  6 killer bees (D:8)
  3 wights (D:9)
  3 howler monkeys
  2 jellies (D:10)
  Crazy Yiuf (D:6)
  2 centaur skeletons
  2 orc priests
  4 hounds
  2 iguanas
  Ijyb (D:5)
  4 orc wizards
  6 worker ants
  A killer bee zombie (D:8)
  A hound zombie (D:8)
  A hound skeleton (D:4)
  A mummy (D:7)
  A howler monkey zombie (D:7)
  5 gnolls (D:9)
  8 adders
  3 shadow imps
  2 white imps
  An ufetubus (D:7)
  An adder skeleton (D:7)
  4 worms
  6 dart slugs
  6 leopard geckos
  33 orcs
  2 ball pythons
  6 giant cockroaches
  6 goblins
  10 hobgoblins
  13 jackals
  15 kobolds
  A quokka (D:8)
  10 bats
  5 frilled lizards
  A goblin zombie (D:7)
  A leopard gecko skeleton (D:4)
  A leopard gecko zombie (D:5)
  An orc zombie (D:7)
  A quokka skeleton (D:8)
  4 rats
305 creatures vanquished.

Vanquished Creatures (others)
  8 fungi
  13 plants
21 creatures vanquished.

Grand Total: 326 creatures vanquished

Notes
Turn   | Place    | Note
-------+----------+-------------------------------------------
     0 | D:1      | ringo67 the Naga Monk began the quest for the Orb.
     0 | D:1      | Reached XP level 1. HP: 21/21 MP: 1/1
   235 | D:1      | Reached XP level 2. HP: 24/28 MP: 2/2
   539 | D:1      | Reached skill level 1 in Armour
   751 | D:1      | Reached XP level 3. HP: 34/34 MP: 3/3
  1811 | D:1      | Reached XP level 4. HP: 22/44 MP: 4/4
  2223 | D:2      | Found a white marble altar of Elyvilon.
  2903 | D:3      | Reached skill level 1 in Shields
  3074 | D:3      | Reached XP level 5. HP: 49/50 MP: 5/5
  3191 | D:3      | Found a shadowy altar of Dithmenos.
  3216 | D:3      | Found a sacrificial altar of Ru.
  3364 | D:3      | Found a shimmering altar of Xom.
  3615 | D:4      | Reached skill level 4 in Axes
  3889 | D:4      | Found an opulent altar of Gozag.
  3958 | D:4      | Reached XP level 6. HP: 50/58 MP: 6/6
  4173 | D:4      | Found a broken altar of Ashenzari.
  4282 | D:5      | Entered Level 5 of the Dungeon
  4433 | D:5      | Noticed a sky beast
  4452 | D:5      | Killed a sky beast
  4452 | D:5      | Reached XP level 7. HP: 37/66 MP: 7/7
  4842 | D:5      | Found a staircase to the Ecumenical Temple.
  4844 | D:5      | Noticed Ijyb
  4858 | D:5      | Killed Ijyb
  4974 | Temple   | Entered the Ecumenical Temple
  5156 | D:6      | Noticed Dowan
  5156 | D:6      | Noticed Duvessa
  5181 | D:6      | Noticed Blork the orc
  5201 | D:6      | Killed Blork the orc
  5201 | D:6      | Reached skill level 5 in Fighting
  5537 | D:6      | Found a snail-covered altar of Cheibriados.
  5545 | D:6      | Became a worshipper of Cheibriados the Contemplative
  5545 | D:6      | Reached * piety under Cheibriados
  5545 | D:6      | Reached ** piety under Cheibriados
  5545 | D:6      | Identified the cursed +1 leather armour of Luich {rN+
                  | Str+4}
  5565 | D:6      | Killed Duvessa
  5565 | D:6      | Reached skill level 5 in Axes
  5568 | D:6      | Killed Dowan
  5821 | D:6      | Found a runed translucent door.
  5822 | D:6      | Noticed Crazy Yiuf
  5861 | D:6      | Found a transporter.
  5861 | D:6      | Noticed reriks's ghost (novice DECj)
  5861 | D:6      | Identified the +10 dire flail of the Puffin {flame, rPois
                  | Str-2 Int+4}
  5861 | D:6      | Noticed a two-headed ogre
  5906 | D:6      | Reached XP level 8. HP: 55/75 MP: 8/8
  6103 | D:6      | Found a transporter.
  6261 | D:6      | Killed Crazy Yiuf
  6653 | D:7      | Reached skill level 6 in Axes
  6695 | D:7      | Found a glowing golden altar of the Shining One.
  6856 | D:7      | Reached XP level 9. HP: 85/85 MP: 9/9
  6979 | D:7      | Reached *** piety under Cheibriados
  7176 | D:7      | Found an iron altar of Okawaru.
  7560 | D:8      | Reached skill level 7 in Axes
  7594 | D:8      | Found an ornate altar of the Wu Jian Council.
  7646 | D:8      | Reached skill level 5 in Armour
  7660 | D:8      | Reached **** piety under Cheibriados
  7660 | D:8      | Reached skill level 8 in Axes
  7812 | D:8      | Found Geatt's Gadget Shoppe.
  8004 | D:8      | Found a shimmering blue altar of Sif Muna.
  8121 | D:8      | Found a bloodstained altar of Trog.
  8142 | D:8      | Found a glowing silver altar of Zin.
  8233 | D:9      | Noticed Erolcha
  8240 | D:9      | Killed Erolcha
  8240 | D:9      | Reached skill level 9 in Axes
  8240 | D:9      | Reached XP level 10. HP: 59/96 MP: 10/10
  8854 | D:9      | Reached ***** piety under Cheibriados
  8946 | D:9      | Found a staircase to the Orcish Mines.
  8956 | D:9      | Reached skill level 10 in Axes
  9556 | D:9      | Noticed Maggie
  9569 | D:9      | Killed Maggie
  9569 | D:9      | Reached skill level 1 in Invocations
  9694 | D:10     | Entered Level 10 of the Dungeon
  9999 | D:10     | Noticed an orange demon
  9999 | D:10     | Noticed an orange demon
 10335 | D:10     | Reached XP level 11. HP: 100/104 MP: 12/12
 10399 | D:10     | Found a staircase to the Lair.
 10523 | D:10     | Noticed an unseen horror
 10531 | D:10     | Killed an unseen horror
 10808 | Lair:1   | Entered Level 1 of the Lair of Beasts
 10996 | Lair:1   | Noticed Nergalle
 11180 | Lair:1   | Got a warped arbalest
 11188 | Lair:1   | Reached skill level 11 in Axes
 11188 | Lair:1   | Reached skill level 5 in Shields
 11188 | Lair:1   | Reached skill level 5 in Invocations
 11188 | Lair:1   | Reached XP level 12. HP: 116/116 MP: 13/15
 11268 | Lair:1   | Reached skill level 12 in Axes
 11652 | Lair:2   | You fall into a shaft and drop 1 floor!
 11704 | Lair:3   | Noticed a six-headed hydra
 11724 | Lair:3   | Killed a six-headed hydra
 12009 | Lair:3   | Reached skill level 10 in Fighting
 12018 | Lair:3   | Identified the cursed +1 arbalest "Ighycayp" {penet, +Inv
                  | Str+2 Int+4 Stlth-} (You found it on level 1 of the Lair of
                  | Beasts)
 12099 | Lair:3   | Found a staircase to the Snake Pit.
 12139 | Lair:3   | Noticed a death yak
 12139 | Lair:3   | Noticed a death yak
 12140 | Lair:3   | Noticed a death yak
 12140 | Lair:3   | Noticed a death yak
 12152 | Lair:3   | Killed a death yak
 12156 | Lair:3   | Killed a death yak
 12161 | Lair:3   | Killed a death yak
 12166 | Lair:3   | HP: 2/117 [death yak (16)]
 12173 | Lair:3   | Killed a death yak
 12491 | Lair:3   | Reached skill level 13 in Axes
 12492 | Lair:3   | Gained mutation: You can use your snake-like lower body to
                  | constrict enemies. [Naga growth]
 12492 | Lair:3   | Reached XP level 13. HP: 113/124 MP: 18/18
 12518 | Lair:2   | Found a staircase to the Shoals.
 12601 | Lair:2   | Found a radiant altar of Vehumet.
 12692 | Lair:2   | Found a runed translucent door.
 12696 | Lair:2   | Noticed jasper's ghost (journeyman TrDe)
 12698 | Lair:2   | Identified the cursed +1 spear of the Beginning {vamp,
                  | *Rage rElec rC++ Str+2}
 13295 | Lair:2   | Identified the ring of the King {rPois MR+ Str+6 Dex-2
                  | Slay+3}
 13700 | Lair:3   | Noticed Fannar
 13782 | Lair:3   | Killed Fannar
 13788 | Lair:3   | Found a white marble altar of Elyvilon.
 14428 | Lair:4   | Noticed Urug
 14436 | Lair:4   | HP: 2/126 [electric eel/bolt of electricity (12)]
 14436 | Lair:4   | Hit by a silver javelin thrown by Urug

Illustrated notes

Levels and vault maps discovered:
D:1:      dpeg_arrival_refuge, layout_basic, minmay_pentomino_o2
D:2:      layout_rooms, old_standard_altar, supply_closet_lemuel,
          grunt_decor_arrowhead
D:3:      layout_loops_corners, grunt_dithmenos_smoke, nicolae_ru_path_of_blood,
          lemuel_coloured_pillars_altar
D:4:      layout_loops_cross, evilmike_ruin_ashenzari, grunt_gozag_breadcrumbs
D:5:      layout_loops_ring, minmay_temple_entry_statues_fountains,
          serial_park_tiny_1, uniq_ijyb
D:6:      layout_rooms, kennysheep_mini_moat, gammafunk_ghost_smash,
          uniq_crazy_yiuf_cottage, uniq_duvessa, uniq_blork_the_orc
D:7:      layout_basic, kennysheep_mini, nicolae_tso_swordbearing_angel,
          nicolae_ossuary_entry_giza, corexii_checkpoint_a
D:8:      layout_rooms, zin_academy, lemuel_blue_sif_altar,
          lemuel_crystal_altar, serial_shops, nicolae_shop_statue_plus,
          trog_ov_bears_minmay
D:9:      layout_irregular_city, minmay_orc_entry_guard_dogs, uniq_erolcha,
          uniq_maggie
D:10:     layout_loops_cross, lair_entry_dummy, minmay_beelzebubs_servants
Temple:   zaba_magenta_temple
Lair:1:   wander_river, layout_cave_pods, uniq_nergalle
Lair:2:   layout_regular_city, elwin_shoals_entry_rocks,
          ebering_ghost_funeral_grove, lemuel_centaur_altar
Lair:3:   layout_cave_pods, guppyfry_snake_entry_island, basic_altar,
          uniq_fannar
Lair:4:   layout_gridlike, serial_bayou_lagoon_b, serial_bayou_shore_b,
          infiniplex_staircase_pool, uniq_urug

Skill      XL: |  1  2  3  4  5  6  7  8  9 10 11 12 13 |
---------------+----------------------------------------+-----
Armour         | 1 2 3 4 5 6 7 |  7.7
Shields        | 1 2 3 4 5 6 |  6.7
Fighting       | 4 5 6 7 8 9 10 | 10.9
Axes           | 4 5 6 9 10 11 13 | 13.6
Invocations    | 2 5 6 7 |  7.7
Dodging        | |  2.4
Stealth        | |  3.0

Action                   |  1- 3 |  4- 6 |  7- 9 | 10-12 | 13-15 || total
-------------------------+-------+-------+-------+-------+-------++-------
Melee: Hand axe          |    42 |    99 |    49 |       |       ||   190
       Spear             |   106 |   117 |       |       |       ||   223
       Dagger            |       |       |    60 |       |       ||    60
       Broad axe         |       |       |   146 |   244 |    59 ||   449
       Constrict         |       |       |       |       |    15 ||    15
       Mace              |       |       |       |       |     6 ||     6
Throw: Dart              |       |     1 |    12 |    17 |    10 ||    40
Invok: Slouch            |       |       |       |     3 |     1 ||     4
 Abil: Spit Poison       |    41 |    62 |    35 |    17 |     3 ||   158
  Use: Scroll            |     6 |     1 |    15 |     9 |       ||    31
       Potion            |       |       |     1 |     3 |       ||     4
 Stab: Sleeping          |     1 |       |     4 |     3 |     3 ||    11
       Distracted        |       |       |     1 |       |       ||     1
Armor: Robe              |    11 |       |       |       |       ||    11
       Scale mail        |    40 |    97 |    15 |       |       ||   152
       Leather armour    |       |       |    28 |    65 |    23 ||   116
       Chain mail        |       |       |     4 |    14 |       ||    18
Dodge: Dodged            |    72 |    66 |    89 |   104 |    20 ||   351
Block: Buckler           |    14 |    28 |   109 |    96 |       ||   247
       Reflection        |       |       |     4 |    11 |    15 ||    30
       Tower shield      |       |       |       |   185 |    91 ||   276

Table legend: (Time is in decaauts)
 A = Elapsed time spent in this place.
 B = Non-inter-level travel time spent in this place.
 C = Inter-level travel time spent in this place.
 D = Time resting spent in this place.
 E = Time spent auto-exploring this place.
 F = Levels seen in this place.
 G = Mean time per level.
                   A        B        C        D        E       F      G
               +--------+--------+--------+--------+--------+-----+--------+
         Total |  23149 |  22408 |    741 |   3830 |  12793 |  15 | 1543.3 |
       Dungeon |  15509 |  15159 |    350 |   3033 |   8327 |  10 | 1550.9 |
        Temple |    106 |     81 |     25 |      0 |     79 |   1 |  106.0 |
          Lair |   7532 |   7166 |    366 |    797 |   4385 |   4 | 1883.0 |
               +--------+--------+--------+--------+--------+-----+--------+

Top non-repeatable levels by time:
  Lair:3: 3508 daAuts
     D:9: 2304 daAuts
     D:7: 2288 daAuts
     D:1: 2142 daAuts
  Lair:2: 1993 daAuts
  Lair:1: 1992 daAuts
    D:10: 1869 daAuts
     D:6: 1456 daAuts
     D:3: 1342 daAuts
     D:8: 1340 daAuts
     D:4: 1131 daAuts
     D:5: 1011 daAuts
     D:2: 622 daAuts
  Temple: 106 daAuts
  Lair:4: 37 daAuts
